 Dungeon Crawl Stone Soup version 0.25.0-1-g7eea58d2a3 (webtiles) character file.

Game seed: 18278540328734495733

125 Froggeryz the Firebug (level 4, -1/24 HPs)
             Began as a Deep Elf Fire Elementalist on June 14, 2020.
             Slain by a worker ant (5 damage)
             ... on level 4 of the Dungeon.
             The game lasted 00:04:59 (3053 turns).

Froggeryz the Firebug (Deep Elf Fire Elementalist)  Turns: 3053, Time: 00:05:01

Health: -1/24      AC:  6    Str:  6    XL:     4   Next: 82%
Magic:  11/11      EV: 12    Int: 20    God:
Gold:   284        SH:  0    Dex: 15    Spells: 9/10 levels left

rFire    . . .     SeeInvis .   b - +2 dagger (flame)
rCold    . . .     Gourm    .   (no shield)
rNeg     . . .     Faith    .   s - +2 leather armour {rPois}
rPois    +         Spirit   .   w - +0 helmet
rElec    .         Reflect  .   (no cloak)
rCorr    .         Harm     .   (no gloves)
MR       .....                  (no boots)
Stlth    ++........             (no amulet)
HPRegen  0.08/turn              (no ring)
MPRegen  0.12/turn              (no ring)

@: lethally poisoned (-1 -> -11)
A: no striking features
a: no special abilities


You were on level 4 of the Dungeon.
You were hungry.

You visited 1 branch of the dungeon, and saw 4 of its levels.

You collected 284 gold pieces.

Inventory:

Hand Weapons
 b - a +2 dagger of flaming (weapon)
Armour
 a - a +0 robe
 s - a +2 leather armour of poison resistance (worn)
 w - a +0 helmet (worn)
Wands
 n - a wand of disintegration (11)
 t - a wand of iceblast (8)
Scrolls
 e - 5 scrolls of identify {unknown}
 f - a scroll of fear {unknown}
 g - 2 scrolls of teleportation {unknown}
 k - 2 scrolls of remove curse {unknown}
 l - a scroll of blinking {unknown}
 q - a scroll of enchant armour {unknown}
Potions
 d - a potion of lignification {unknown}
 h - a potion of stabbing {unknown}
 i - 2 potions of brilliance
 j - 2 potions of heal wounds {unknown}
 m - a potion of ambrosia
 o - a potion of cancellation
 p - a potion of invisibility {unknown}
 r - a potion of magic {unknown}
 v - a potion of degeneration {unknown}
 x - a potion of curing {unknown}
Comestibles
 c - 9 rations
 u - a chunk of flesh


   Skills:
 - Level 2.4 Dodging
 - Level 2.4 Stealth
 + Level 3.6 Spellcasting
 - Level 1.1 Conjurations
 * Level 5.9 Fire Magic


You had 9 spell levels left.
You knew the following spells:

 Your Spells              Type           Power        Failure   Level  Hunger
a - Foxfire               Conj/Fire      ###.         4%          1    None

Your spell library contained the following spells:

 Spells                   Type           Power        Failure   Level  Hunger
 Conjure Flame            Conj/Fire      ###.....     14%         3    ###....
 Inner Flame              Hex/Fire       ###.....     19%         3    ###....
 Sticky Flame             Conj/Fire      ###.....     43%         4    ####...
 Fireball                 Conj/Fire      ###.......   80%         5    ######.


Dungeon Overview and Level Annotations

Branches:
Dungeon (4/15)
 Temple: D:4-7

Altars:
Fedhas
Okawaru


Message History

The foxfire hits the worker ant but does no damage.
The worker ant is severely wounded.
The foxfire hits the worker ant but does no damage.
The worker ant is severely wounded.
The worker ant barely misses you.
It was a potion of ambrosia.
You are confused.
You feel invigorated. The adder closely misses you. The worker ant bites you.
* * * LOW HITPOINT WARNING * * *
You are more poisoned.
The worker ant poisons you! The adder barely misses you.
Unknown command.
Okay, then.
It was a potion of cancellation.
Your magical effects are unravelling.
You feel magically purged.
You feel less invigorated.
You feel less confused.
You feel a little less clever now.
* * * LOW HITPOINT WARNING * * *
You feel sick. The worker ant bites you.
You die...

#.# ..#
#.####..####
#..........
#.........
####..####..###.
#.....# ......
####..####...##.
#.....S......
#....@a...#
.......#......#
#####..#.###..#
#..#.# ....
#..... ...
#..... ##
....... ##.#.##


You could see a worker ant and an adder.

Vanquished Creatures
  Ijyb (D:3)
  2 adders (D:3)
  2 worms (D:2)
  2 dart slugs
  4 leopard geckos
  4 giant cockroaches
  3 hobgoblins
  6 jackals
  4 quokkas
  7 bats
  2 frilled lizards
  9 goblins
  14 kobolds
  6 rats
66 creatures vanquished.

Vanquished Creatures (others)
  137 foxfires
137 creatures vanquished.

Grand Total: 203 creatures vanquished

Notes
Turn   | Place    | Note
-------+----------+-------------------------------------------
     0 | D:1      | Froggeryz the Deep Elf Fire Elementalist began the quest
                  | for the Orb.
     0 | D:1      | Reached XP level 1. HP: 10/10 MP: 6/6
   102 | D:1      | Found an iron altar of Okawaru.
   297 | D:1      | Reached skill level 4 in Fire Magic
   297 | D:1      | Reached XP level 2. HP: 15/15 MP: 4/8
   894 | D:1      | Reached XP level 3. HP: 19/19 MP: 5/9
  1088 | D:2      | Found a blossoming altar of Fedhas.
  1193 | D:2      | Reached skill level 5 in Fire Magic
  2140 | D:3      | Reached XP level 4. HP: 22/24 MP: 8/10
  2174 | D:3      | Noticed Ijyb
  2191 | D:3      | Killed Ijyb
  3050 | D:4      | HP: 1/24 [worker ant (2)]
  3053 | D:4      | Slain by a worker ant

Illustrated notes

Levels and vault maps discovered:
D:1:      evilmike_arrival_plus, layout_basic, hangedman_decor_points,
          okawaru_ov_weapons_minmay
D:2:      layout_loops_corners, nicolae_overflow_hidden_temple, first_ration,
          serial_rivers, chequers_serial_rivers_micro_b,
          chequers_serial_rivers_micro_c, chequers_serial_rivers_large_b,
          chequers_serial_rivers_small_3, chequers_serial_rivers_room_a
D:3:      cheibrodos_helix_gallery, layout_loops_ring, uniq_ijyb
D:4:      layout_basic, nemelex_lonely_heart_becter

Skill      XL: |  1  2  3 |
---------------+----------+-----
Fire Magic     | 4 5 |  5.9
Dodging        | |  2.4
Stealth        | |  2.4
Spellcasting   | |  3.6
Conjurations   | |  1.1

Action                   |  1- 3 |  4- 6 || total
-------------------------+-------+-------++-------
Melee: Dagger            |    34 |    27 ||    61
 Cast: Foxfire           |    68 |    23 ||    91
  Use: Potion            |       |     3 ||     3
 Stab: Sleeping          |     2 |     1 ||     3
  Eat: Chunk             |     4 |     2 ||     6
Armor: Robe              |     4 |       ||     4
       Leather armour    |       |     6 ||     6
Dodge: Dodged            |    38 |    23 ||    61
